 Dungeon Crawl Stone Soup version 0.29.1-1-gd02db6906a (webtiles) character file.

Game seed: 14266937418866794638

51 xian the Chopper (level 3, 0/33 HPs)
             Began as a Draconian Cinder Acolyte on Sept 30, 2022.
             Was a High Priest of Ignis.
             Slain by an adder (1 damage)
             ... on level 2 of the Dungeon.
             The game lasted 00:03:03 (1832 turns).

xian the Chopper (Draconian Cinder Acolyte)         Turns: 1832, Time: 00:03:04

Health: 0/33       AC:  5    Str: 18    XL:     3   Next: 57%
Magic:  4/4        EV: 11    Int: 14    God:    Ignis [*****.]
Gold:   41         SH:  0    Dex:  6    Spells: 4/4 levels left

rFire   + . .      SeeInvis .   a - -1 hand axe (flame)
rCold   . . .      Faith    .   (no shield)
rNeg    + . .      Spirit   .   (body armour unavailable)
rPois   .          Reflect  .   (helmet restricted)
rElec   .          Harm     .   (no cloak)
rCorr   .          Rampage  .   (no gloves)
Will    .....                   (no boots)
Stlth   +.........              (no amulet)
HPRegen 0.11/turn               i - ring of positive energy
MPRegen 0.09/turn               (no ring)

@: lethally poisoned (0 -> -4)
A: AC +5, unfitting armour, cold-blooded
a: Renounce Religion, Fiery Armour, Foxfire Swarm, Rising Flame


You were on level 2 of the Dungeon.
You worshipped Ignis.
Ignis was extremely pleased with you.
You visited 1 branch of the dungeon, and saw 2 of its levels.

You collected 65 gold pieces.
You spent 24 gold pieces at shops.

Inventory:

Hand Weapons
 a - a -1 hand axe of flaming (weapon)
Missiles
 g - 3 javelins (quivered)
Jewellery
 i - a ring of positive energy (left hand)
Scrolls
 c - a scroll of butterflies {unknown}
 d - a scroll of vulnerability {unknown}
 f - a scroll of identify {unknown}
 j - a scroll of immolation {unknown}
Potions
 b - 2 potions of degeneration {unknown}
 e - a potion of heal wounds {unknown}
 h - a potion of might {unknown}
 k - a potion of resistance {unknown}


   Skills:
 + Level 3.7 Fighting
 + Level 3.7 Axes
 + Level 1.1 Dodging
 + Level 1.0 Spellcasting
 + Level 3.3 Fire Magic


You had 4 spell levels left.
You didn't know any spells.
Your spell library contained the following spells:

 Spells                   Type           Power      Damage    Failure   Level
 Scorch                   Fire           18%        2d6       11%         2
 Necrotise                Necr           0%         1d4       26%         1
 Ozocubu's Armour         Ice            0%         N/A       61%         3
 Vampiric Draining        Necr           0%         2d6       61%         3
 Agony                    Necr           0%         N/A       100%        5
 Ozocubu's Refrigeration  Ice            0%         4d7       100%        7


Dungeon Overview and Level Annotations

Branches:
Dungeon (2/15)

Altars:

Shops:
D:1 (


Innate Abilities, Weirdness & Mutations

Your plain brown scales are hard. (AC +5)
You cannot fit into any form of body armour.
You are cold-blooded and may be slowed by cold attacks.


Message History

You hit the adder. You burn the adder.
The adder is almost dead.
You feel sick. The adder closely misses you.
You miss the adder.
Your tail-slap misses the adder.
The adder is almost dead.
You feel sick. The adder bites you.
You are more poisoned.
The adder poisons you! The adder closely misses you.
You miss the adder.
Your tail-slap misses the adder.
The adder is almost dead.
You feel sick. The adder bites you but does no damage.
You closely miss the adder.
The adder is almost dead.
You feel sick. The adder bites you.
You barely miss the adder.
Your tail-slap misses the adder.
The adder is almost dead.
You feel sick. The adder closely misses you. x2
You barely miss the adder.
The adder is almost dead.
You feel sick. The adder bites you but does no damage.
You closely miss the adder.
The adder is almost dead.
You feel sick. The adder barely misses you. The adder bites you.
* * * LOW HITPOINT WARNING * * *
You are lethally poisoned!
The adder poisons you!
You hit the adder but do no damage.
The adder is almost dead.
* * * LOW HITPOINT WARNING * * *
You feel sick. The adder barely misses you.
You closely miss the adder.
Your tail-slap misses the adder.
The adder is almost dead.
* * * LOW HITPOINT WARNING * * *
You feel sick. The adder closely misses you.
The adder bites you but does no damage.
You hit the adder but do no damage.
Your tail-slap misses the adder.
The adder is almost dead.
* * * LOW HITPOINT WARNING * * *
You feel sick. The adder bites you.
You die...

.).... ..... ...#
#...## ##.....##
#.(.....# #......#
#+# #S#...## #.# #@#
.## #.# ####.####
##.## #......###
##...## #.##.#.#.##
#.....#
#.##.#....######...##
#.##.#...............
#.##......#######.###
#.####.#.## #.#
#.####.### #.#


You could see an adder.

Vanquished Creatures
  2 adders (D:2)
  A worm (D:2)
  4 ball pythons (D:1)
  5 bats
  A giant cockroach (D:2)
  2 goblins (D:1)
  4 hobgoblins
  3 jackals (D:1)
  A quokka (D:2)
  2 frilled lizards (D:1)
  6 rats (D:1)
31 creatures vanquished.

Notes
Turn   | Place    | Note
-------+----------+-------------------------------------------
     0 | D:1      | xian the Draconian Cinder Acolyte began the quest for the
                  | Orb.
     0 | D:1      | Reached XP level 1. HP: 19/19 MP: 2/2
   371 | D:1      | Reached XP level 2. HP: 25/26 MP: 3/3
  1312 | D:1      | Found Ofol's Weapon Emporium.
  1322 | D:1      | Bought 3 javelins for 24 gold pieces
  1620 | D:2      | Reached XP level 3. HP: 31/31 MP: 4/4
  1685 | D:2      | Reached skill level 1 in Dodging
  1832 | D:2      | HP: 1/33 [poisoned by an adder]
  1832 | D:2      | Slain by an adder

Illustrated notes

Levels and vault maps discovered:
D:1:      dpeg_arrival_subterranean_lakeside_camping, layout_basic,
          serial_shops, nicolae_lakefront_shop
D:2:      layout_loops_corners, hellmonk_ecumenical_altar_pennies_from_heaven,
          uniq_crazy_yiuf_cottage

Skill      XL: |  1  2  3 |
---------------+----------+-----
Dodging        | 1 |  1.1
Fighting       | |  3.7
Axes           | |  3.7
Spellcasting   | |  1.0
Fire Magic     | |  3.3

Action                   || total
-------------------------++-------
Melee: Hand axe          ||   105
       Tailslap          ||     4
Throw: Javelin           ||     5
Armor: Skin              ||    49
Dodge: Dodged            ||    92
